 Dungeon Crawl Stone Soup version 0.19-a0-1096-g8280678 (webtiles) character file.

77 Akrasiac the Grave Robber (level 4, 0/30 HPs)
             Began as a Mummy Wanderer on Aug 7, 2016.
             Slain by an adder (2 damage)
             ... on level 2 of the Dungeon.
             The game lasted 00:02:47 (1960 turns).

Akrasiac the Grave Robber (Mummy Wanderer)          Turns: 1960, Time: 00:02:48

Health: 0/30       AC:  4    Str: 14    XL:     4   Next: 14%
Magic:  2/5        EV:  6    Int: 12    God:
Gold:   110        SH:  0    Dex: 12    Spells: 1 memorised, 4 levels left

rFire  x . .     SeeInvis .     a - +2 mace
rCold  + . .     Gourm    .     h - +2 robe {rN+}
rNeg   + + +     Faith    .     (no shield)
rPois  ∞         Spirit   .     (no helmet)
rElec  .         Dismiss  .     (no cloak)
rCorr  .         Reflect  .     (no gloves)
SustAt .         Harm     .     (no boots)
MR     .....                    (no amulet)
Stlth  +++.......               (no ring)
                                d - ring of stealth

@:
A: no food or potions, fire vulnerability, cold resistance 1, negative energy
resistance 3, torment resistance, unbreathing
a: no special abilities


You were on level 2 of the Dungeon.
You were not hungry.

You visited 1 branch of the dungeon, and saw 2 of its levels.

You collected 110 gold pieces.

Inventory:

Hand Weapons
 a - a +2 mace (weapon)
 g - a +1 dagger of pain
Armour
 h - a +2 robe of positive energy (worn)
Jewellery
 d - a ring of stealth (left hand)
Scrolls
 e - a scroll of identify {unknown}
 f - 2 scrolls of remove curse {unknown}
 i - 2 scrolls of teleportation {unknown}
 j - a scroll of fog {unknown}
Books
 b - the Volume of the Souls

   Spells                             Type                      Level
   a - Throw Frost                    Conjuration/Ice              2
   b - Ensorcelled Hibernation        Hexes/Ice                    2
 c - the Compendium of Evil Secrets

   Spells                             Type                      Level
   a - Pain                           Necromancy                   1
   b - Vampiric Draining              Necromancy                   3


   Skills:
 - Level 3.2 Maces & Flails
 - Level 1.0 Throwing
 - Level 1.0 Armour
 - Level 1.0 Stealth
 - Level 1.0 Spellcasting
 * Level 4.4 Necromancy


You had 4 spell levels left.
You knew the following spells:

 Your Spells              Type           Power        Failure   Level  Hunger
a - Pain                  Necr           ##..         6%          1    N/A

Dungeon Overview and Level Annotations

Branches:
Dungeon (2/15)

Altars:

Annotations:
D:2 Sigmund


Innate Abilities, Weirdness & Mutations

You do not eat or drink.
Your flesh is vulnerable to fire.
You are immune to poison.
Your flesh is cold resistant. (rC+)
You are immune to negative energy. (rN+++)
You are immune to unholy pain and torment.
You can survive without breathing.


Message History

The adder barely misses you.
You closely miss the adder.
The adder is heavily wounded.
The adder bites you.
You hit the adder but do no damage.
The adder is heavily wounded.
The adder bites you. Something hits you.
The adder bites you but does no damage.
You closely miss the adder.
The adder is heavily wounded.
The adder closely misses you. Something hits you!
The adder bites you but does no damage. The adder closely misses you.
The adder barely misses you. The adder closely misses you.
There is a stone staircase leading up here.
The adder bites you. Something hits you!
* * * LOW HITPOINT WARNING * * *
The adder bites you.
You die...

######.....## #.# #.####.#
#[...## #.# #....#.#
#†#.## #.# ####.#.#
#)...######.# #.#.#
#..#.÷......# #.#.#
##....######.# #.#.#
#####...#### #.#######.#.#
......#....###
#...........#
.####.......%#
#@#######.###
.#####.#.....###S# #.#
###..............# #.#
###..........####### #.#
..[................. #.#
###............######.##.#
#.......#..............#
#............######.#
#.......####.# .#


You could see an adder.

Vanquished Creatures
  3 adders (D:2)
  An ooze (D:1)
  A worm (D:2)
  A giant gecko (D:1)
  3 bats
  A giant cockroach (D:1)
  13 goblins
  A hobgoblin (D:1)
  3 jackals (D:1)
  5 kobolds
  A quokka (D:2)
  A giant newt (D:1)
  6 rats
40 creatures vanquished.

Notes
Turn   | Place    | Note
-------+----------+-------------------------------------------
     0 | D:1      | Akrasiac the Mummy Wanderer began the quest for the Orb.
     0 | D:1      | Akrasiac set off with: a +2 mace, the Volume of the Souls, the Compendium of Evil Secrets, a +0 robe
     0 | D:1      | Reached XP level 1. HP: 13/13 MP: 2/2
     0 | D:1      | Identified the Volume of the Souls
     0 | D:1      | Identified the Compendium of Evil Secrets
     2 | D:1      | Learned a level 1 spell: Pain
   162 | D:1      | Reached XP level 2. HP: 16/19 MP: 0/3
   242 | D:1      | Reached skill level 3 in Necromancy
   949 | D:2      | Reached XP level 3. HP: 10/24 MP: 0/4
  1612 | D:2      | Reached skill level 4 in Necromancy
  1805 | D:2      | Reached XP level 4. HP: 30/30 MP: 3/5
  1932 | D:2      | Noticed Sigmund
  1960 | D:2      | Slain by an adder

Vault maps used:
D:1:      roderic_dead_forest
D:2:      first_bread, minmay_shallow_snake_nest, uniq_robin,
          uniq_crazy_yiuf_cottage, uniq_jessica, uniq_sigmund

Skill      XL: |  1  2  3 |
---------------+----------+-----
Necromancy     | 3 4 |  4.4
Maces & Flails | |  3.2
Throwing       | |  1.0
Armour         | |  1.0
Stealth        | |  1.0
Spellcasting   | |  1.0

Action                   |  1- 3 |  4- 6 || total
-------------------------+-------+-------++-------
Melee: Mace              |    65 |    12 ||    77
 Cast: Pain              |    42 |     7 ||    49
Armor: Robe              |    12 |     5 ||    17
Dodge: Dodged            |    52 |    15 ||    67
